 Dungeon Crawl Stone Soup version 0.23-a0-32-g1388f29 (webtiles) character file.

324 SeniorJSONDeveloper the Chiller (level 6, -2/46 HPs)
             Began as a Merfolk Ice Elementalist on Aug 4, 2018.
             Was an Initiate of Kikubaaqudgha.
             Killed by nerve-wracking pain
             ... invoked by a shadow imp
              (7 damage)
             ... on level 4 of the Dungeon.
             The game lasted 00:09:56 (4369 turns).

SeniorJSONDeveloper the Chiller (MfIE)              Turns: 4369, Time: 00:09:57

Health: -2/46      AC:  6    Str:  8    XL:     6   Next: 48%
Magic:  1/10       EV: 14    Int: 16    God:    Kikubaaqudgha [......]
Gold:   32         SH:  4    Dex: 15    Spells: 3/11 levels left

rFire    . . .     SeeInvis .   n - +1 dagger (pain)
rCold    . . .     Gourm    .   t - +0 buckler
rNeg     . . .     Faith    .   a - +0 robe
rPois    .         Spirit   .   (no helmet)
rElec    .         Reflect  .   (no cloak)
rCorr    .         Harm     .   p - +0 pair of gloves
MR       .....                  r - +2 pair of boots
Stlth    ++........             (no amulet)
HPRegen  0.15/turn              (no ring)
MPRegen  0.12/turn              (no ring)

@: drained
A: change form in water, swift swim, stealthy swim
a: Renounce Religion


You were on level 4 of the Dungeon.
You worshipped Kikubaaqudgha.
Kikubaaqudgha was noncommittal.
You were not hungry.

You visited 2 branches of the dungeon, and saw 6 of its levels.

You collected 139 gold pieces.
You spent 107 gold pieces at shops.

Inventory:

Hand Weapons
 n - a +1 dagger of pain (weapon)
Armour
 a - a +0 robe (worn)
 p - a +0 pair of gloves (worn)
 r - a +2 pair of boots (worn)
 t - a +0 buckler (worn)
Jewellery
 u - an uncursed ring of stealth {unknown}
Scrolls
 d - 3 scrolls of enchant weapon
 e - 4 scrolls of teleportation
 i - 2 scrolls of magic mapping
 v - 2 scrolls of blinking
Potions
 b - 2 potions of mutation {unknown}
 f - a potion of agility {unknown}
 g - 5 potions of curing
 h - a potion of cancellation {unknown}
 j - a potion of flight {unknown}
 k - 2 potions of berserk rage
 l - 2 potions of heal wounds {unknown}
 m - a potion of ambrosia {unknown}
 o - a potion of lignification
 q - a potion of haste {unknown}
 s - 2 potions of might {unknown}
Comestibles
 c - 6 rations


   Skills:
 + Level 2.5(2.3) Fighting
 + Level 4.4(4.1) Dodging
 + Level 3.9(3.6) Stealth
 + Level 1.5(1.2) Shields
 + Level 3.1(2.8) Spellcasting
   Level 0.7(0.4) Conjurations
 + Level 4.4(4.1) Ice Magic


You had 3 spell levels left.
You knew the following spells:

 Your Spells              Type           Power        Failure   Level  Hunger
a - Freeze                Ice            ###.         4%          1    #......
b - Ozocubu's Armour      Chrm/Ice       #.......     34%         3    ###....
c - Summon Ice Beast      Ice/Summ       #.......     75%         4    #####..

Your spell library contained the following spells:

 Spells                   Type           Power        Failure   Level  Hunger
 Throw Frost              Conj/Ice       #.....       16%         2    ##.....
 Throw Icicle             Conj/Ice       #.......     71%         4    #####..


Dungeon Overview and Level Annotations

Branches:
Dungeon (5/15)             Temple (1/1) D:4

Altars:
Ashenzari
Cheibriados
Dithmenos
Elyvilon
Gozag
Hepliaklqana
Kikubaaqudgha
Makhleb
Nemelex Xobeh
Okawaru
Qazlal
Ru
Trog
Uskayaw
Vehumet
Xom
Yredelemnul
Zin
The Shining One

Shops:
D:4 =:!?[


Message History

The shadow imp hits you.
* * * LOW HITPOINT WARNING * * *
Okay, then.
You eat one of the 7 rations.
That ration really hit the spot!
The shadow imp hits you but does no damage.
You hit the shadow imp but do no damage.
The shadow imp is heavily wounded.
The shadow imp hits you but does no damage.
You barely miss the shadow imp.
The shadow imp is heavily wounded.
The shadow imp misses you.
You barely miss the shadow imp.
The shadow imp is heavily wounded.
The shadow imp hits you but does no damage.
You barely miss the shadow imp.
The shadow imp is heavily wounded.
The shadow imp gestures at you. Pain shoots through your body!
You die...
Kikubaaqudgha rasps: "You have failed me!
Welcome... death!"

#..#.# #...#.# #####
#'##.###.#.#.# ....#
##∩##.....#<#.# ....#
###########.#.# ....#
#...#.......#.# ....#
#...#.#######.#
....###.#.#.......#.#
....#≈≈.≈≈#######.#.#
.....≈#'#≈.....5@.#.#
[.....'∩'...#####.#.#
####.≈#'#≈..# #.#.#
###.≈≈.≈≈..#####.#.#
#......##.......)#.###########
#......##.########...........#
#......##.# ###########.#
#......##.# #.# #<...<....#
#.#


You could see a shadow imp.

Vanquished Creatures
  An ogre (D:4)
  An iguana (D:4)
  2 worker ants (D:4)
  9 adders
  An adder zombie (D:5)
  An adder skeleton (D:5)
  2 worms
  2 dart slugs
  4 orcs
  3 ball pythons
  3 giant cockroaches
  5 goblins
  5 hobgoblins
  2 jackals (D:1)
  3 quokkas (D:4)
  10 bats
  4 frilled lizards
  12 kobolds
  13 rats
83 creatures vanquished.

Vanquished Creatures (others)
  4 fungi (D:5)
4 creatures vanquished.

Grand Total: 87 creatures vanquished

Notes
Turn   | Place    | Note
-------+----------+-------------------------------------------
     0 | D:1      | SeniorJSONDeveloper the Merfolk Ice Elementalist began the quest for the Orb.
     0 | D:1      | Reached XP level 1. HP: 13/13 MP: 3/3
   211 | D:1      | Reached XP level 2. HP: 11/20 MP: 0/5
   724 | D:1      | Reached skill level 1 in Fighting
   849 | D:1      | Reached XP level 3. HP: 9/26 MP: 1/6
  1793 | D:2      | Reached XP level 4. HP: 32/32 MP: 2/7
  1989 | D:3      | Found a sacrificial altar of Ru.
  2882 | D:4      | Found Tiofukk's Armour Shop.
  2890 | D:4      | Found Dunidd's Magic Scroll Boutique.
  2893 | D:4      | Bought a scroll of remove curse for 30 gold pieces
  2926 | D:4      | Reached XP level 5. HP: 26/38 MP: 0/9
  2931 | D:4      | Learned a level 3 spell: Ozocubu's Armour
  2936 | D:4      | Learned a level 4 spell: Summon Ice Beast
  2992 | D:4      | Found a radiant altar of Vehumet.
  2993 | D:4      | Found a basalt altar of Yredelemnul.
  3029 | D:4      | Found Byehy's Jewellery Boutique.
  3115 | D:4      | Noticed an ogre
  3258 | D:4      | Found Zuijog's Book Emporium.
  3267 | D:4      | Reached skill level 1 in Shields
  3320 | D:4      | Found Nimareg's Distillery.
  3342 | D:4      | Bought a potion of curing for 33 gold pieces
  3342 | D:4      | Bought a potion of lignification for 33 gold pieces
  3342 | D:4      | Bought a potion of degeneration for 11 gold pieces
  3392 | D:4      | Found a staircase to the Ecumenical Temple.
  3399 | Temple   | Entered the Ecumenical Temple
  3526 | Temple   | Became a worshipper of Kikubaaqudgha
  4166 | D:4      | Killed an ogre
  4166 | D:4      | Reached XP level 6. HP: 30/46 MP: 2/10
  4219 | D:5      | Entered Level 5 of the Dungeon
  4369 | D:4      | Killed from afar by a shadow imp

Vault maps used:
D:1:      tarquinn_simple_flora_water_b
D:3:      lemuel_round_altar
D:4:      gammafunk_temple_overflow_statue, temple_green, serial_shops,
          kennysheep_mini_moat, nicolae_shop_waterfront, shop,
          nicolae_shop_window_shopping, shop, first_ration, kennysheep_nub
D:5:      serial_aquarium, aquarium_bridge_island_small, aquarium_bridge_square,
          aquarium_window_1, aquarium_window_1, aquarium_window_1,
          aquarium_view_2g, aquarium_balcony_3b, aquarium_pool_corner
Temple:   eino_temple_rhombus

Skill      XL: |  1  2  3  4  5 |
---------------+----------------+-----
Dodging        | 3 4 |  4.4
Fighting       | 1 2 |  2.5
Stealth        | 3 |  3.9
Ice Magic      | 4 |  4.4
Shields        | 1 |  1.5
Spellcasting   | 3 |  3.1
Conjurations   | |  0.7

Action                   |  1- 3 |  4- 6 || total
-------------------------+-------+-------++-------
Melee: Unarmed           |    59 |     1 ||    60
       Dagger            |       |    91 ||    91
 Cast: Freeze            |    63 |    82 ||   145
  Use: Scroll            |       |     7 ||     7
 Stab: Sleeping          |       |     6 ||     6
  Eat: Chunk             |     4 |     8 ||    12
       Ration            |       |     1 ||     1
Armor: Robe              |    40 |    39 ||    79
Dodge: Dodged            |    91 |    98 ||   189
Block: Buckler           |       |    14 ||    14

Table legend:
 A = Spawn XP
 B = Non-spawn XP
 C = Spawn XP percentage of total XP
 D = Spawn monster count
 E = Non-spawn monster count
 F = Spawn count percentage of total count
 G = Total turns spent on level
                    A         B        C        D         E        F      G
               +---------+---------+-------+---------+---------+-------+---------
         Total |       0 |     464 |   0.0 |       0 |      83 |   0.0 |  4369
               +---------+---------+-------+---------+---------+-------+---------
           D:1 |       0 |      46 |   0.0 |       0 |      30 |   0.0 |  1377
           D:2 |       0 |      46 |   0.0 |       0 |      14 |   0.0 |   567
           D:3 |       0 |      62 |   0.0 |       0 |      18 |   0.0 |   982
           D:4 |       0 |     280 |   0.0 |       0 |      16 |   0.0 |  1181
           D:5 |       0 |      30 |   0.0 |       0 |       5 |   0.0 |   128
               +---------+---------+-------+---------+---------+-------+---------
